 Dungeon Crawl Stone Soup version 0.28.0-53-g5a82cb258f (webtiles) character file.

Game seed: 13079361167141731655

256 safid the Chopper (level 6, 0/52 HPs)
             Began as a Hill Orc Fighter on July 31, 2022.
             Was an Initiate of Beogh.
             Slain by a gnoll
             ... wielding a +0 flail
              (7 damage)
             ... on level 3 of the Dungeon.
             The game lasted 00:02:56 (2921 turns).

safid the Chopper (Hill Orc Fighter)                Turns: 2921, Time: 00:02:56

Health: 0/52       AC:  7    Str: 21    XL:     6   Next: 16%
Magic:  6/6        EV:  9    Int:  8    God:    Beogh [......]
Gold:   116        SH:  4    Dex: 10    Spells: 5/5 levels left

rFire   . . .      SeeInvis .   a - +0 war axe
rCold   . . .      Faith    .   c - +0 buckler
rNeg    . . .      Spirit   .   b - +0 scale mail
rPois   .          Reflect  .   (no helmet)
rElec   .          Harm     .   (no cloak)
rCorr   .          Rampage  .   (no gloves)
Will    .....                   (no boots)
Stlth   ..........              (no amulet)
HPRegen 0.17/turn               (no ring)
MPRegen 0.10/turn               (no ring)

@: no status effects
A: no striking features
a: Renounce Religion


You were on level 3 of the Dungeon.
You worshipped Beogh.
Beogh was noncommittal.
You visited 1 branch of the dungeon, and saw 4 of its levels.

You collected 116 gold pieces.

Inventory:

Hand Weapons
 a - a +0 war axe (weapon)
Armour
 b - a +0 scale mail (worn)
 c - a +0 buckler (worn)
Jewellery
 m - a ring of ice
Wands
 q - a wand of iceblast (3)
Scrolls
 e - a scroll of fear {unknown}
 f - 3 scrolls of blinking {unknown}
 g - 2 scrolls of enchant armour {unknown}
 h - a scroll of teleportation {unknown}
 k - a scroll of magic mapping {unknown}
 l - a scroll of enchant weapon {unknown}
 o - a scroll of summoning {unknown}
 p - 5 scrolls of identify {unknown}
Potions
 d - 2 potions of might
 i - 2 potions of resistance {unknown}
 j - a potion of invisibility {unknown}
 n - a potion of ambrosia {unknown}
 r - a potion of attraction {unknown}
 s - a potion of heal wounds {unknown}
 t - a potion of curing {unknown}


   Skills:
 - Level 4.0 Fighting
 + Level 7.1 Axes
 - Level 4.0 Armour
 - Level 4.0 Shields


You had 5 spell levels left.
You didn't know any spells.
Your spell library was empty.

Dungeon Overview and Level Annotations

Branches:
Dungeon (4/15)
 Temple: D:4-7

Altars:
Qazlal
Vehumet


Message History

A gnoll comes into view. It is wielding a +0 flail.
There is a stone staircase leading up here.
Found a worm corpse and a ball python corpse.
A gnoll comes into view. It is wielding a +0 halberd.
The gnoll hits you with a +0 flail!
You slash the gnoll!
The gnoll is almost dead.
The gnoll hits you with a +0 flail.
You hit the gnoll but do no damage. You hit the hound skeleton.
The hound skeleton bites you. You block the hound skeleton's attack.
The gnoll hits you with a +0 flail!
You slash the gnoll!
You kill the gnoll!
Beogh accepts your kill.
You slash the hound skeleton! You hit the gnoll but do no damage.
The hound skeleton barely misses you. The gnoll completely misses you.
You barely miss the hound skeleton.
The hound skeleton is heavily damaged.
You slash the gnoll! x2
The hound skeleton bites you but does no damage.
The gnoll closely misses you. You block the gnoll's attack.
The gnoll barely misses you.
The hound skeleton bites you but does no damage.
The hound skeleton misses you.
Unknown command.
There is a stone staircase leading up here.
Unknown command.
The hound skeleton barely misses you. The gnoll hits you with a +0 flail.
The gnoll hits you from afar with a +0 halberd.
The gnoll hits you but does no damage.
The hound skeleton bites you but does no damage.
You climb upwards.
There is a stone staircase leading down here.
Unknown command.
You barely miss the gnoll.
The gnoll is almost dead.
You hit the gnoll. The gnoll hits you with a +0 flail! x2
* * * LOW HITPOINT WARNING * * *
The gnoll hits you with a +0 flail!
You die...

##### #
#######...########
#.....'...'......'
#.#####...######## #(#
#...##......
#.#####...##......
#.........##......
#.g≈≈≈≈≈≈.##......
#@g≈≈≈≈≈≈.........
##.≈≈>.≈≈.#......#
#.≈≈⌠_≈≈......###
#.≈≈≈≈≈≈......+..
#.≈≈≈≈≈≈......#..
######.............#..
###..................#.#
#...###########......#.#
###.#.# #..........#'#


You could see 2 gnolls.

Vanquished Creatures
  A necrophage (D:3)
  An iguana (D:3)
  Ijyb (D:3)
  2 gnolls
  4 adders
  2 worms
  2 dart slugs
  3 orcs (D:4)
  4 ball pythons
  6 endoplasms
  3 giant cockroaches
  5 goblins
  3 hobgoblins
  4 jackals (D:2)
  4 quokkas
  6 bats
  A frilled lizard (D:1)
  9 kobolds
  3 rats
64 creatures vanquished.

Vanquished Creatures (others)
  An orc priest (D:4)
1 creature vanquished.

Grand Total: 65 creatures vanquished

Notes
Turn   | Place    | Note
-------+----------+-------------------------------------------
     0 | D:1      | safid the Hill Orc Fighter began the quest for the Orb.
     0 | D:1      | Reached XP level 1. HP: 19/19 MP: 1/1
   525 | D:1      | Reached skill level 3 in Axes
   525 | D:1      | Reached XP level 2. HP: 27/27 MP: 2/2
   853 | D:2      | Found a stormy altar of Qazlal.
   906 | D:2      | Reached XP level 3. HP: 26/33 MP: 3/3
  1523 | D:3      | Reached skill level 4 in Axes
  1523 | D:3      | Reached XP level 4. HP: 16/40 MP: 4/4
  1736 | D:3      | Found a radiant altar of Vehumet.
  1939 | D:3      | Noticed a necrophage
  1954 | D:3      | Killed a necrophage
  1955 | D:3      | Reached skill level 6 in Axes
  1955 | D:3      | Reached XP level 5. HP: 19/46 MP: 5/5
  2285 | D:3      | Noticed Ijyb
  2297 | D:3      | Killed Ijyb
  2550 | D:3      | Reached XP level 6. HP: 51/52 MP: 6/6
  2735 | D:4      | Reached skill level 7 in Axes
  2759 | D:4      | Became a worshipper of Beogh the Brigand
  2921 | D:3      | Slain by a gnoll

Illustrated notes

Levels and vault maps discovered:
D:1:      dpeg_arrival_refuge, layout_loops_ring
D:2:      layout_basic, basic_altar
D:3:      layout_basic, general_overflow_altar, corexii_hall_statues_l,
          minmay_divided_ellipse, uniq_ijyb
D:4:      layout_layer_cave, kennysheep_mini,
          nicolae_uskayaw_murder_on_the_dancefloor,
          minmay_temple_entry_enclosed_plants, amcnicky_mini_pool_small

Skill      XL: |  1  2  3  4  5  6 |
---------------+-------------------+-----
Axes           | 3 4 6 7 |  7.1
Fighting       | 4 |  4.0
Armour         | 4 |  4.0
Shields        | 4 |  4.0

Action                   |  1- 3 |  4- 6 || total
-------------------------+-------+-------++-------
Melee: War axe           |   108 |   105 ||   213
Invok: Convert to Beogh  |       |     1 ||     1
Armor: Scale mail        |    69 |    47 ||   116
Dodge: Dodged            |    63 |    46 ||   109
Block: Buckler           |    32 |    22 ||    54
